 Dungeon Crawl Stone Soup version 0.23-a0-208-gb6b040f (webtiles) character file.

23 PurpleRed the Skirmisher (level 2, 0/21 HPs)
             Began as an Octopode Wanderer on Sept 24, 2018.
             Slain by a gnoll
             ... wielding a +0 whip of electrocution
              (19 damage)
             ... on level 1 of the Dungeon.
             The game lasted 00:03:10 (1361 turns).

PurpleRed the Skirmisher (Octopode Wanderer)        Turns: 1361, Time: 00:03:10

Health: 0/21       AC:  4    Str: 12    XL:     2   Next: 95%
Magic:  2/2        EV: 12    Int: 14    God:
Gold:   88         SH:  4    Dex: 10    Spells: 1/1 levels left

rFire    . . .     SeeInvis .   a - +2 falchion
rCold    . . .     Gourm    .   h - +1 buckler {AC+3}
rNeg     . . .     Faith    .   (helmet restricted)
rPois    .         Spirit   .   (no amulet)
rElec    .         Reflect  .   (no ring)
rCorr    .         Harm     .   (no ring)
MR       .....                  (no ring)
Stlth    +++.......             (no ring)
HPRegen  0.07/turn              (no ring)
MPRegen  0.08/turn              (no ring)
                                (no ring)
                                (no ring)

@: no status effects
A: almost no armour, stealthy swim, amphibious, 8 rings, constrict 8, camouflage
1, gelatinous body 1
a: no special abilities


You were on level 1 of the Dungeon.
You were very hungry.

You visited 1 branch of the dungeon, and saw 2 of its levels.

You collected 88 gold pieces.

Inventory:

Hand Weapons
 a - a +2 falchion (weapon)
 b - a +0 shortbow
 e - a +0 dagger
Missiles
 c - 97 arrows
Armour
 h - a +1 buckler of protection (worn)
Scrolls
 i - a scroll of blinking {unknown}
 j - a scroll of teleportation
 k - a scroll of remove curse
 m - 2 scrolls of identify
 n - a scroll of noise {unknown}
Potions
 d - 2 potions of curing
 g - 3 potions of resistance
 l - a potion of haste
 o - 2 potions of brilliance {unknown}
 p - a potion of agility {unknown}
Comestibles
 f - 6 rations


   Skills:
 - Level 3.0 Fighting
 - Level 2.0 Long Blades
 - Level 2.0 Bows
 - Level 1.0 Dodging
 - Level 2.6 Stealth
 + Level 2.4 Unarmed Combat


You had one spell level left.
You didn't know any spells.
Your spell library was empty.

Dungeon Overview and Level Annotations

Branches:
Dungeon (2/15)

Altars:
Ashenzari


Innate Abilities, Weirdness & Mutations

You cannot wear most types of armour.
You are very stealthy in the water. (Stealth+)
You are amphibious.
You can wear up to eight rings at the same time.
You can use your tentacles to constrict eight enemies at once.
Your skin changes colour to match your surroundings (Stealth+).
Your rubbery body absorbs attacks. (AC +1, EV +1)


Message History

You slash the hobgoblin!
You kill the hobgoblin!
You are feeling very hungry.
p - a sedimented ruby potion
f - 6 rations (gained 1) Done exploring.
The gnoll shouts!
The gnoll is too close now for your liking.
There is a stone staircase leading up here.
There is a stone staircase leading up here.
You block the gnoll's attack.
You climb upwards.
There is a stone staircase leading down here.
You barely miss the gnoll. You grab the gnoll. Your squeeze misses the gnoll.
You constrict the gnoll, but do no damage.
You block the gnoll's attack.
The gnoll hits you with a whip of electrocution.
You are electrocuted!
Ouch! That really hurt!
You die...

####### ######
#.g@..#########.....
#.###.#...#.....####
#.# #..###..........
#.# #.## ##.###.#.##
#.# #.# #..##.#.#
####.###.## ##..##.#.##
#.........###..........
#.##.####.....)........
#.##.# #..)...†.......


You could see a gnoll.

Vanquished Creatures
  An ooze (D:1)
  A leopard gecko (D:2)
  6 goblins
  2 hobgoblins
  2 bats
  A frilled lizard (D:2)
  4 rats
17 creatures vanquished.

Notes
Turn   | Place    | Note
-------+----------+-------------------------------------------
     0 | D:1      | PurpleRed the Octopode Wanderer began the quest for the
                  | Orb.
     0 | D:1      | PurpleRed set off with: a +2 falchion, a +0 shortbow, 26
                  | arrows, a potion of curing, a +0 dagger, a ration
     0 | D:1      | Reached XP level 1. HP: 16/16 MP: 1/1
   129 | D:1      | Reached skill level 1 in Unarmed Combat
   129 | D:1      | Reached XP level 2. HP: 16/21 MP: 2/2
   821 | D:2      | Found a shattered altar of Ashenzari.
  1361 | D:1      | Slain by a gnoll

Vault maps used:
D:1:      scummos_arrival_checkerplants
D:2:      first_ration, ashenzari_altar_1

Skill      XL: |  1  2 |
---------------+-------+-----
Unarmed Combat | 1 2 |  2.4
Fighting       | |  3.0
Long Blades    | |  2.0
Bows           | |  2.0
Dodging        | |  1.0
Stealth        | |  2.6

Action                   || total
-------------------------++-------
Melee: Falchion          ||    26
       Tentacles         ||     2
       Constrict         ||     4
       Punch             ||     1
  Use: Scroll            ||     5
       Potion            ||     1
 Stab: Sleeping          ||     7
Armor: Skin              ||     3
Dodge: Dodged            ||    14
Block: Buckler           ||     4
       Rpst.: Falchion   ||     3

Table legend:
 A = Non-vault XP
 B = Vault XP
 C = Vault XP percentage of total XP
 D = Non-vault monster count
 E = Vault monster count
 F = Vault count percentage of total count
                 A         B        C        D         E       F
            +---------+---------+-------+---------+---------+-------
      Total |      33 |       0 |   0.0 |      17 |       0 |   0.0
            +---------+---------+-------+---------+---------+-------
        D:1 |      21 |       0 |   0.0 |      10 |       0 |   0.0
        D:2 |      12 |       0 |   0.0 |       7 |       0 |   0.0
            +---------+---------+-------+---------+---------+-------
